 Dungeon Crawl Stone Soup version 0.29.1-2-gbd0b4ee654 (webtiles) character file.

Game seed: 14594753143737792751

1388 croobank the Ducker (level 8, -8/37 HPs)
             Began as a Felid Summoner on Oct 23, 2022.
             Was an Initiate of Gozag.
             Shot with a sling bullet by Joseph (13 damage)
             ... on level 7 of the Dungeon.
             The game lasted 00:32:25 (9400 turns).

croobank the Ducker (Felid Summoner)                Turns: 9400, Time: 00:32:25

Health: -8/37      AC:  2    Str:  4    XL:     8   Next: 40%
Magic:  13/17      EV: 21    Int: 19    God:    Gozag
Gold:   317        SH:  0    Dex: 16    Spells: 4/17 levels left
                                        Lives:  0   Deaths: 2

rFire   . . .      SeeInvis +   (weapon unavailable)
rCold   . . .      Faith    .   (shield unavailable)
rNeg    . . .      Spirit   .   (body armour unavailable)
rPois   .          Reflect  .   (helmet unavailable)
rElec   .          Harm     .   (cloak unavailable)
rCorr   .          Rampage  .   (gloves unavailable)
Will    +....                   (boots unavailable)
Stlth   ++........              (no amulet)
HPRegen 0.12/turn               (no ring)
MPRegen 0.15/turn               (no ring)

@: quick
A: very small, claws 1, fangs 3, see invisible, speed 1, shaggy fur 2, stealthy
paws, no weapons or thrown items, no armour, multi-lived
a: Renounce Religion, Potion Petition, Call Merchant, Bribe Branch


You were on level 7 of the Dungeon.
You worshipped Gozag.
Gozag was aware of your devotion.
You visited 2 branches of the dungeon, and saw 9 of its levels.

You collected 444 gold pieces.
You paid 127 gold pieces to Gozag.

Inventory:

Wands
 p - a wand of roots (5)
 q - a wand of flame (8)
Scrolls
 a - 2 scrolls of blinking {unknown}
 d - 4 scrolls of identify {unknown}
 g - 3 scrolls of noise {unknown}
 i - a scroll of summoning {unknown}
 l - a scroll of poison {unknown}
 m - a scroll of teleportation {unknown}
 r - 2 scrolls of immolation {unknown}
 s - 2 scrolls of vulnerability {unknown}
 v - 3 scrolls of fear {unknown}
Potions
 b - 2 potions of might
 c - a potion of curing
 e - a potion of ambrosia {unknown}
 f - a potion of resistance {unknown}
 h - 2 potions of haste {unknown}
 j - 2 potions of lignification {unknown}
 k - 2 potions of mutation {unknown}
 n - 2 potions of degeneration {unknown}
 o - 2 potions of berserk rage {unknown}
 t - a potion of brilliance {unknown}
 u - a potion of flight {unknown}


   Skills:
 + Level 5.4 Fighting
 + Level 7.7 Dodging
 - Level 3.0 Stealth
 + Level 5.4 Spellcasting
 - Level 5.0 Hexes
 + Level 6.9 Summonings
 + Level 3.3 Air Magic


You had 4 spell levels left.
You knew the following spells:

 Your Spells              Type           Power      Damage    Failure   Level
a - Summon Small Mammal   Summ           100%       N/A       1%          1
b - Call Imp              Summ           31%        N/A       1%          2
c - Call Canine Familiar  Summ           31%        N/A       1%          3
d - Summon Guardian Gole  Hex/Summ       27%        N/A       3%          3
e - Summon Lightning Spi  Summ/Air       24%        N/A       14%         4

Your spell library contained the following spells:

 Spells                   Type           Power      Damage    Failure   Level
 Tukima's Dance           Hex            24%        N/A       4%          3
 Shock                    Conj/Air       44%        1d5       6%          1
 Swiftness                Air            18%        N/A       9%          3
 Apportation              Tloc           10%        N/A       12%         1
 Necrotise                Necr           20%        1d5       12%         1
 Airstrike                Air            9%         2d(2-18)  28%         4
 Passage of Golubria      Tloc           5%         N/A       75%         4
 Yara's Violent Unravell  Hex/Tmut       7%         3d5       75%         5


Dungeon Overview and Level Annotations

Branches:
Dungeon (8/15)             Temple (1/1) D:6
   Lair: D:8-11

Altars:
Cheibriados
Dithmenos
Elyvilon
Fedhas
Gozag
Hepliaklqana
Kikubaaqudgha
Makhleb
Okawaru
Qazlal
Ru
Sif Muna
Trog
Uskayaw
Vehumet
Wu Jian
Xom
Yredelemnul
Zin

Shops:
D:3 =

Annotations:
D:7 Joseph


Innate Abilities, Weirdness & Mutations

You have sharp claws.
You have razor-sharp teeth.
You have supernaturally acute eyesight. (SInv)
You cover ground quickly. (Speed+)
You are covered in thick fur. (AC +2)
Your paws help you pounce on unaware monsters.
You are incapable of wielding weapons or throwing items.
You cannot wear armour.
You gain extra lives every three experience levels.


Message History

You climb downwards.
There is a stone staircase leading up here.
You start resting.
Magic restored.
You start resting.
HP restored.
You climb upwards.
Level annotation: Joseph
There is a stone staircase leading down here.
Joseph zaps a wand.
The roots erupt in riotous growth!
The grasping roots grab you! The grasping roots constrict you.
There is an open door here.
You escape the roots grasp.
Casting: Summon Guardian Golem (dangerous; 3% risk of failure)
Confirm with . or Enter, or press ? or * to list all spells.
An electric hum fills the air.
Aiming: Fastroot
Press: ? - help, Shift-Dir - straight line The roots erupt in riotous growth!
Roots grab Joseph.
The grasping roots constrict Joseph.
Joseph unwields a +2 sling of freezing.
Joseph wields a +0 quarterstaff.
Joseph hits you with a +0 quarterstaff!
Aiming: Fastroot
Press: ? - help, Shift-Dir - straight line, f - you The roots erupt in riotous growth!
Joseph is unaffected.
The grasping roots constrict Joseph.
Aiming: Fastroot
Press: ? - help, Shift-Dir - straight line, f - you The roots erupt in riotous growth!
Joseph is unaffected.
The grasping roots constrict Joseph!
The roots release their grip on Joseph.
Joseph zaps a wand.
The roots erupt in riotous growth!
The grasping roots grab you!
Joseph is unaffected.
The grasping roots constrict you!
* * * LOW HITPOINT WARNING * * *
You escape the roots grasp.
Joseph unwields a +0 quarterstaff.
Joseph wields a +2 sling of freezing.
It is covered in frost.
Joseph shoots a sling bullet.
The sling bullet hits you!
You die...
Your body crumbles into a pile of gold.

....# #....
....# #....
....# #....
....# #....
##########....+
#....
#........#..$.#
#....
#........@....#
#....
#........#....#
#....
#.>....@.#@...#
#....
#......8.#.....#
#....
#........#.....#
#....
##########.....#
....## ##### $


You could see Joseph (ally target) and a friendly lightning spire (summoned).

Vanquished Creatures
  3 orcs
  A hobgoblin (D:3)
  A bat (D:3)
  2 goblins
7 creatures vanquished.

Vanquished Creatures (collateral kills)
  Grinder (D:5)
  A water moccasin (D:6)
  A black bear (D:4)
  An ice beast (D:6)
  2 ogres (D:6)
  A centaur (D:7)
  A phantom (D:5)
  A bullfrog (D:4)
  A necrophage (D:5)
  2 scorpions
  A howler monkey (D:8)
  3 jellies
  An orc priest (D:3)
  2 hounds
  Terence (D:3)
  4 iguanas
  2 orc wizards (D:5)
  2 gnolls (D:6)
  8 adders
  2 shadow imps
  2 white imps
  An ufetubus (D:4)
  3 dart slugs
  12 orcs
  5 ball pythons
  A bat (D:1)
  5 endoplasms
  A giant cockroach (D:1)
  7 goblins
  5 hobgoblins
  3 kobolds
  5 quokkas
  2 frilled lizards (D:1)
  3 rats
93 creatures vanquished.

Vanquished Creatures (others)
  A hornet (D:8)
  Menkaure (D:6)
  2 water moccasins
  2 ice beasts (D:5)
  A howler monkey (D:8)
  Ijyb (D:4)
  A gnoll (D:6)
  A kobold (D:4)
  A plant (D:1)
11 creatures vanquished.

Grand Total: 111 creatures vanquished

Notes
Turn   | Place    | Note
-------+----------+-------------------------------------------
     0 | D:1      | croobank the Felid Summoner began the quest for the Orb.
     0 | D:1      | Reached XP level 1. HP: 7/7 MP: 4/4
   546 | D:1      | Reached skill level 3 in Dodging
   609 | D:1      | Reached XP level 2. HP: 11/11 MP: 3/6
   612 | D:1      | Learned a level 2 spell: Call Imp
  1458 | D:2      | Found a bloodstained altar of Trog.
  1609 | D:2      | Found a faded altar of an unknown god.
  1651 | D:2      | Reached skill level 1 in Fighting
  1651 | D:2      | Reached XP level 3. HP: 15/15 MP: 3/7
  2216 | D:3      | Found Loiduig's Jewellery Boutique.
  2373 | D:3      | Learned a level 3 spell: Call Canine Familiar
  3141 | D:3      | Noticed Terence
  3182 | D:4      | Noticed a black bear
  3182 | D:4      | Noticed a bullfrog
  3211 | D:4      | Killed a bullfrog
  3212 | D:4      | Reached skill level 4 in Dodging
  3212 | D:4      | Reached XP level 4. HP: 4/19 MP: 4/9
  3233 | D:4      | Killed a black bear
  3234 | D:4      | Reached XP level 5. HP: 6/23 MP: 8/10
  3342 | D:4      | Reached skill level 5 in Summonings
  3342 | D:4      | Gained mutation: You are covered in thick fur. (AC +2)
                  | [Felid growth]
  3342 | D:4      | Reached XP level 6. HP: 16/27 MP: 2/12
  3351 | D:4      | Learned a level 3 spell: Summon Guardian Golem
  3502 | D:4      | Identified the +1 robe "Uxomoes" {Drain rCorr Stlth+
                  | Archmagi}
  3714 | D:4      | Reached skill level 1 in Hexes
  3786 | D:4      | Reached skill level 5 in Dodging
  3944 | D:4      | Noticed Ijyb
  3956 | D:4      | Constricted to death by Ijyb
  3957 | D:4      | Reached XP level 5. HP: -1/24 MP: 9/11
  4085 | D:4      | Identified the +9 spear "Koitois" {holy, rF+ rN+ Str-5
                  | Int+2}
  4097 | D:4      | Killed Ijyb
  4551 | D:3      | Reached XP level 6. HP: 28/28 MP: 4/12
  4698 | D:3      | Killed Terence
  4853 | D:5      | Entered Level 5 of the Dungeon
  4970 | D:5      | Noticed a water moccasin
  4993 | D:5      | Killed a water moccasin
  5012 | D:5      | Noticed Grinder
  5115 | D:5      | Noticed an ice beast
  5157 | D:5      | Reached XP level 7. HP: 31/31 MP: 8/14
  5582 | D:5      | Killed Grinder
  5583 | D:5      | Reached skill level 6 in Dodging
  5583 | D:5      | Reached skill level 1 in Air Magic
  5983 | D:5      | Found a shimmering blue altar of Sif Muna.
  5986 | D:5      | Found a white marble altar of Elyvilon.
  5990 | D:5      | Found a hide-covered altar of Uskayaw.
  6223 | D:5      | Reached XP level 8. HP: 36/36 MP: 11/15
  7020 | D:6      | Noticed Menkaure
  7025 | D:6      | Killed Menkaure
  7026 | D:6      | Reached skill level 5 in Hexes
  7489 | D:6      | Reached skill level 7 in Dodging
  7489 | D:6      | Reached skill level 5 in Spellcasting
  7596 | D:6      | Reached skill level 5 in Fighting
  7736 | D:6      | Found a staircase to the Ecumenical Temple.
  7792 | Temple   | Entered the Ecumenical Temple
  7914 | Temple   | Became a worshipper of Gozag Ym Sagoz the Greedy
  8404 | D:7      | Learned a level 4 spell: Summon Lightning Spire
  8404 | D:7      | Noticed Joseph
  8424 | D:7      | Shot with a sling bullet by Joseph
  8425 | D:7      | Reached XP level 7. HP: -3/33 MP: 9/15
  8595 | D:8      | Noticed a hornet
  8621 | D:8      | Killed a hornet
  8622 | D:8      | Reached XP level 8. HP: 37/37 MP: 6/17
  9400 | D:7      | Shot with a sling bullet by Joseph

Illustrated notes

Levels and vault maps discovered:
D:1:      dpeg_arrival_morbid_curiosity, layout_loops_ring, serial_bayou,
          serial_bayou_pond_d, serial_bayou_pond_e, serial_bayou_shore_b,
          serial_bayou_pond_c, item_on_display_b
D:2:      layout_basic, ebering_ecumenical_altar_box, basic_altar
D:3:      layout_basic, serial_shops, shop, minmay_misc_feat_hallway,
          chequers_serial_rivers_micro_c, uniq_terence
D:4:      layout_rooms, uniq_ijyb
D:5:      layout_loops_ring, grunt_temple_overflow_diamond,
          roderic_roman_lattice, uniq_grinder
D:6:      layout_basic, minmay_temple_entry_purple_smoke,
          nicolae_elevator_lobby_plus, uniq_menkaure
D:7:      corexii_shack_village, layout_gridville, minmay_manual_mess,
          uniq_joseph
D:8:      layout_loops_ring, hangedman_abyss_or_decor_stagger,
          serial_park_tiny_1
Temple:   regret_index_temple_mists

Skill      XL: |  1  2  3  4  5  6  7  8 |
---------------+-------------------------+-----
Dodging        | 3 4 5 6 7 |  7.7
Stealth        | 3 |  3.0
Fighting       | 1 2 3 4 5 |  5.4
Spellcasting   | 3 4 5 |  5.4
Summonings     | 5 6 |  6.9
Hexes          | 3 4 5 |  5.0
Air Magic      | 3 2 |  3.3

Action                   |  1- 3 |  4- 6 |  7- 9 || total
-------------------------+-------+-------+-------++-------
Melee: Unarmed           |    13 |     3 |     3 ||    19
       Bite              |     1 |     2 |       ||     3
 Cast: Summon Small Mamm |    63 |    32 |    55 ||   150
       Call Imp          |    20 |    10 |    10 ||    40
       Call Canine Famil |     3 |    19 |    22 ||    44
       Summon Guardian G |       |     7 |    19 ||    26
       Summon Lightning  |       |       |     3 ||     3
Evoke: Wand              |       |       |     5 ||     5
  Use: Potion            |     1 |     1 |     2 ||     4
 Stab: Sleeping          |     2 |     1 |     2 ||     5
       Distracted        |       |     1 |       ||     1
Armor: Skin              |     2 |     2 |     2 ||     6
Dodge: Dodged            |    44 |    15 |    25 ||    84
